TOP OF THE 1ST |
Chicago (NYP) White Sox batting - Pitching for Vermont Lake Monsters : LHP Steve Lima
|
Pitching: LHP Steve Lima
|
|
Batting: RHB Kunimatsu Oya
|
0-0: Ground out 4-3 (Groundball, 4MD, EV 85.6 MPH)
|
Batting: RHB Tyrell Camp
|
0-0: Ball 1-0: Ball 2-0: Foul Ball, location: 2F 2-1: Foul Ball, location: 2F 2-2: Ground out 4-3 (Groundball, 34D, EV 88.1 MPH)
|
Batting: SHB Veit Geisler
|
0-0: Swinging Strike 0-1: Ball 1-1: Foul Ball, location: 2F 1-2: Ball 2-2: Strikes out swinging
|
Top of the 1st over - 0 runs, 0 hits, 0 errors, 0 left on base; Chicago (NYP) 0 - Vermont 0 |
BOTTOM OF THE 1ST |
Vermont Lake Monsters batting - Pitching for Chicago (NYP) White Sox : RHP Yasushi Osumi
|
Pitching: RHP Yasushi Osumi
|
|
Batting: RHB Josh Mauer
|
0-0: Called Strike 0-1: Ball 1-1: Ball 2-1: Swinging Strike 2-2: Foul Ball, location: 2F 2-2: Foul Ball, location: 2F 2-2: Strikes out looking
|
Batting: RHB Sean Gould
|
0-0: Ground out 5-3 (Groundball, 56, EV 98.8 MPH)
|
Batting: LHB Ed Talamantes
|
0-0: Called Strike 0-1: Ground out 1-3 (Groundball, 34S, EV 71.9 MPH)
|
Bottom of the 1st over - 0 runs, 0 hits, 0 errors, 0 left on base; Chicago (NYP) 0 - Vermont 0 |
TOP OF THE 2ND |
Chicago (NYP) White Sox batting - Pitching for Vermont Lake Monsters : LHP Steve Lima
|
Batting: RHB Tony Garcia
|
0-0: Ball 1-0: Ball 2-0: Ball 3-0: Called Strike 3-1: Base on Balls
|
Batting: SHB Andres Agudo
|
0-0: Called Strike 0-1: Called Strike 0-2: Hit by Pitch Tony Garcia to second
|
Batting: LHB Steve Roepke
|
0-0: Called Strike 0-1: Fielders Choice at 2nd, 3-6 (Groundball, 34, EV 105.6 MPH) Tony Garcia to third
|
Batting: RHB Jake Feinstein
|
0-0: Ball 1-0: Ball 2-0: Called Strike 2-1: Ball Wild Pitch! Tony Garcia scores Steve Roepke to second 3-1: Swinging Strike 3-2: Base on Balls
|
Batting: RHB Yorkis Saiki
|
0-0: Swinging Strike 0-1: Fielders Choice at 2nd, 6-4 (Groundball, 6, EV 86.2 MPH) Steve Roepke to third
|
Batting: RHB Eduardo Calderon
|
0-0: Fielders Choice at 2nd, 6-4 (Groundball, 6, EV 90.0 MPH)
|
Top of the 2nd over - 1 run, 0 hits, 0 errors, 2 left on base; Chicago (NYP) 1 - Vermont 0 |
BOTTOM OF THE 2ND |
Vermont Lake Monsters batting - Pitching for Chicago (NYP) White Sox : RHP Yasushi Osumi
|
Batting: LHB Brian Puccio
|
0-0: Ball 1-0: Ball 2-0: Ball 3-0: Base on Balls
|
Batting: LHB Igor Ciobanu
|
0-0: Ball 1-0: Called Strike 1-1: Called Strike 1-2: Strikes out swinging
|
Batting: RHB Jon Coleman
|
0-0: Called Strike 0-1: Fly out, F8 (Line Drive, 8RD, EV 106.2 MPH)
|
Batting: SHB Steve Salafia
|
0-0: SINGLE (Line Drive, 8RS, EV 93.8 MPH) Brian Puccio to second
|
Batting: RHB Jake Leffel
|
0-0: Ball 1-0: Foul Ball, location: 2F 1-1: Ball 2-1: Foul Ball, location: 2F 2-2: Strikes out swinging
|
Bottom of the 2nd over - 0 runs, 1 hit, 0 errors, 2 left on base; Chicago (NYP) 1 - Vermont 0 |
TOP OF THE 3RD |
Chicago (NYP) White Sox batting - Pitching for Vermont Lake Monsters : LHP Steve Lima
|
Batting: RHB Kunimatsu Oya
|
0-0: Ball 1-0: Ball 2-0: Ball 3-0: Called Strike 3-1: Base on Balls
|
Batting: RHB Tyrell Camp
|
0-0: Grounds into double play, 5-4-3 (Groundball, 56, EV 104.4 MPH)
|
Batting: SHB Veit Geisler
|
0-0: Ball 1-0: Called Strike 1-1: Swinging Strike 1-2: Hit by Pitch
|
Batting: RHB Tony Garcia
|
0-0: Called Strike 0-1: Swinging Strike 0-2: Ball 1-2: Strikes out swinging
|
Top of the 3rd over - 0 runs, 0 hits, 0 errors, 1 left on base; Chicago (NYP) 1 - Vermont 0 |
BOTTOM OF THE 3RD |
Vermont Lake Monsters batting - Pitching for Chicago (NYP) White Sox : RHP Yasushi Osumi
|
Batting: RHB Alberto Malagon
|
0-0: Foul Ball, location: 2F 0-1: Swinging Strike 0-2: Strikes out swinging
|
Batting: RHB Josh Mauer
|
0-0: Called Strike 0-1: Ball 1-1: Foul Ball, location: 2F 1-2: Ball 2-2: Foul Ball, location: 2F 2-2: Foul Ball, location: 2F 2-2: Ground out 5-3 (Groundball, 56S, EV 84.4 MPH)
|
Batting: RHB Sean Gould
|
0-0: Swinging Strike 0-1: Swinging Strike 0-2: Strikes out swinging
|
Bottom of the 3rd over - 0 runs, 0 hits, 0 errors, 0 left on base; Chicago (NYP) 1 - Vermont 0 |
TOP OF THE 4TH |
Chicago (NYP) White Sox batting - Pitching for Vermont Lake Monsters : LHP Steve Lima
|
Batting: SHB Andres Agudo
|
0-0: Called Strike 0-1: Ball 1-1: Ball 2-1: Foul Ball, location: 2F 2-2: Fly out, F4 (Popup, 4, EV 80.6 MPH)
|
Batting: LHB Steve Roepke
|
0-0: Ball 1-0: Ball 2-0: Called Strike 2-1: Foul Ball, location: 2F 2-2: Ball 3-2: Ground out 4-3 (Groundball, 4S, EV 83.8 MPH)
|
Batting: RHB Jake Feinstein
|
0-0: Foul Ball, location: 2F 0-1: Ball 1-1: Swinging Strike 1-2: Ball 2-2: Strikes out swinging
|
Top of the 4th over - 0 runs, 0 hits, 0 errors, 0 left on base; Chicago (NYP) 1 - Vermont 0 |
BOTTOM OF THE 4TH |
Vermont Lake Monsters batting - Pitching for Chicago (NYP) White Sox : RHP Yasushi Osumi
|
Batting: LHB Ed Talamantes
|
0-0: Foul Ball, location: 2F 0-1: Ball 1-1: Foul Ball, location: 2F 1-2: Ball 2-2: Strikes out swinging
|
Batting: LHB Brian Puccio
|
0-0: Called Strike 0-1: Swinging Strike 0-2: Ball 1-2: Strikes out swinging
|
DELAY
|
Rain delay of 14 minutes in the 4th inning.
|
Batting: LHB Igor Ciobanu
|
0-0: Called Strike 0-1: Ball 1-1: Ball 2-1: Ball 3-1: Reached on error, E3 (Groundball, 34, EV 84.4 MPH)
|
Batting: RHB Jon Coleman
|
0-0: Ball 1-0: Swinging Strike 1-1: Ball 2-1: Ball 3-1: SINGLE (Groundball, 56, EV 106.2 MPH) Igor Ciobanu to second
|
Batting: SHB Steve Salafia
|
0-0: Called Strike 0-1: Called Strike 0-2: Ball 1-2: Strikes out swinging
|
Bottom of the 4th over - 0 runs, 1 hit, 1 error, 2 left on base; Chicago (NYP) 1 - Vermont 0 |
TOP OF THE 5TH |
Chicago (NYP) White Sox batting - Pitching for Vermont Lake Monsters : LHP Steve Lima
|
Pitching: RHP Pedro Taveras
|
|
Batting: RHB Yorkis Saiki
|
0-0: Foul Ball, location: 2F 0-1: Called Strike 0-2: Ground out 1-3 (Groundball, 13S, EV 62.5 MPH)
|
Batting: RHB Eduardo Calderon
|
0-0: Ball 1-0: Called Strike 1-1: Foul Ball, location: 2F 1-2: Fly out, F9 (Line Drive, 9S, EV 102.5 MPH)
|
Batting: RHB Kunimatsu Oya
|
0-0: Ball 1-0: Ball 2-0: Ground out 5-3 (Groundball, 5S, EV 68.8 MPH)
|
Top of the 5th over - 0 runs, 0 hits, 0 errors, 0 left on base; Chicago (NYP) 1 - Vermont 0 |
BOTTOM OF THE 5TH |
Vermont Lake Monsters batting - Pitching for Chicago (NYP) White Sox : RHP Yasushi Osumi
|
Batting: RHB Jake Leffel
|
0-0: Ball 1-0: Fly out, F8 (Flyball, 8LXD, EV 81.2 MPH)
|
Batting: RHB Alberto Malagon
|
0-0: Ball 1-0: Foul Ball, location: 2F 1-1: Ball 2-1: Ground out 4-3 (Groundball, 4, EV 90.6 MPH)
|
Batting: RHB Josh Mauer
|
0-0: Ball 1-0: SINGLE (Line Drive, 9LS, EV 93.1 MPH)
|
Batting: RHB Sean Gould
|
0-0: Ball Josh Mauer steals 2nd base 1-0: Ball 2-0: Called Strike 2-1: Ball 3-1: Called Strike 3-2: Foul Ball, location: 2F 3-2: Base on Balls
|
Batting: LHB Ed Talamantes
|
0-0: Swinging Strike 0-1: Ground out 6-3 (Groundball, P, EV 83.1 MPH)
|
Bottom of the 5th over - 0 runs, 1 hit, 0 errors, 2 left on base; Chicago (NYP) 1 - Vermont 0 |
TOP OF THE 6TH |
Chicago (NYP) White Sox batting - Pitching for Vermont Lake Monsters : RHP Pedro Taveras
|
Batting: RHB Tyrell Camp
|
0-0: Ball 1-0: Hit by Pitch
|
Batting: SHB Veit Geisler
|
0-0: Called Strike 0-1: Called Strike 0-2: Ball 1-2: Foul Ball, location: 2F 1-2: Ball 2-2: Strikes out swinging
|
Batting: RHB Tony Garcia
|
0-0: Foul Ball, location: 2F 0-1: Ball 1-1: Ball 2-1: Ball 3-1: Foul Ball, location: 2F 3-2: Base on Balls Tyrell Camp to second
|
Batting: SHB Andres Agudo
|
0-0: Swinging Strike 0-1: Called Strike 0-2: Foul Ball, location: 2F 0-2: Ball 1-2: Ball 2-2: Strikes out swinging
|
Pitching: RHP Jimmy Tasso
|
|
Batting: LHB Steve Roepke
|
0-0: Called Strike 0-1: Ball 1-1: Called Strike 1-2: Ball 2-2: Strikes out swinging
|
Top of the 6th over - 0 runs, 0 hits, 0 errors, 2 left on base; Chicago (NYP) 1 - Vermont 0 |
BOTTOM OF THE 6TH |
Vermont Lake Monsters batting - Pitching for Chicago (NYP) White Sox : RHP Yasushi Osumi
|
Batting: LHB Brian Puccio
|
0-0: Swinging Strike 0-1: Called Strike 0-2: Foul Ball, location: 2F 0-2: Strikes out swinging
|
Batting: LHB Igor Ciobanu
|
0-0: Ball 1-0: Ball 2-0: SINGLE (Groundball, 4MD, EV 99.4 MPH)
|
Batting: RHB Jon Coleman
|
0-0: Called Strike 0-1: Ball 1-1: Ball 2-1: Ball 3-1: Base on Balls Igor Ciobanu to second
|
Batting: SHB Steve Salafia
|
0-0: Fly out, F5 (Popup, 56, EV 60.6 MPH)
|
Batting: RHB Jake Leffel
|
0-0: Ball 1-0: Foul Ball, location: 2F 1-1: Ball 2-1: Foul Ball, location: 2F 2-2: Strikes out swinging
|
Bottom of the 6th over - 0 runs, 1 hit, 0 errors, 2 left on base; Chicago (NYP) 1 - Vermont 0 |
TOP OF THE 7TH |
Chicago (NYP) White Sox batting - Pitching for Vermont Lake Monsters : RHP Jimmy Tasso
|
Batting: RHB Jake Feinstein
|
0-0: Called Strike 0-1: SINGLE (Groundball, 6S, EV 69.4 MPH) (infield hit)
|
Batting: RHB Yorkis Saiki
|
0-0: Called Strike Jake Feinstein steals 2nd, throwing error, E2 Jake Feinstein to third 0-1: Foul Ball, location: 2F 0-2: Strikes out swinging
|
Batting: RHB Eduardo Calderon
|
0-0: Called Strike 0-1: Ball 1-1: Swinging Strike 1-2: Foul Ball, location: 2F 1-2: Foul Ball, location: 2F 1-2: Ball 2-2: Ball 3-2: Strikes out swinging
|
Batting: RHB Kunimatsu Oya
|
0-0: Ground out 6-3 (Groundball, 6, EV 76.9 MPH)
|
Top of the 7th over - 0 runs, 1 hit, 1 error, 1 left on base; Chicago (NYP) 1 - Vermont 0 |
BOTTOM OF THE 7TH |
Vermont Lake Monsters batting - Pitching for Chicago (NYP) White Sox : RHP Yasushi Osumi
|
Pinch Hitting: RHB Jonathan Ellis
|
0-0: Called Strike 0-1: Foul Ball, location: 2F 0-2: Foul Ball, location: 2F 0-2: Strikes out swinging
|
Pitching: RHP Mario Arce
|
|
Pinch Hitting: SHB Matt Sybrant
|
0-0: Swinging Strike 0-1: Called Strike 0-2: Strikes out swinging
|
Batting: RHB Sean Gould
|
0-0: Foul Ball, location: 2F 0-1: Fly out, F8 (Flyball, 8LD, EV 103.1 MPH)
|
Bottom of the 7th over - 0 runs, 0 hits, 0 errors, 0 left on base; Chicago (NYP) 1 - Vermont 0 |
TOP OF THE 8TH |
Chicago (NYP) White Sox batting - Pitching for Vermont Lake Monsters : RHP Jimmy Tasso
|
Pitching: LHP Cory Yeary
|
|
Now at 3B: Jonathan Ellis
|
|
Now in RF: Matt Sybrant
|
|
Batting: RHB Tyrell Camp
|
0-0: Ball 1-0: Fly out, F8 (Line Drive, 8LD, EV 89.4 MPH)
|
Batting: SHB Veit Geisler
|
0-0: Called Strike 0-1: Foul Ball, location: 2F 0-2: Strikes out looking
|
Batting: RHB Tony Garcia
|
0-0: Called Strike 0-1: Ball 1-1: Ball 2-1: Foul Ball, location: 2F 2-2: Ball 3-2: Strikes out looking
|
Top of the 8th over - 0 runs, 0 hits, 0 errors, 0 left on base; Chicago (NYP) 1 - Vermont 0 |
BOTTOM OF THE 8TH |
Vermont Lake Monsters batting - Pitching for Chicago (NYP) White Sox : RHP Mario Arce
|
Batting: LHB Ed Talamantes
|
0-0: Called Strike 0-1: Fly out, F7 (Flyball, 7S, EV 77.5 MPH)
|
Pitching: LHP Ian Bell
|
|
Batting: LHB Brian Puccio
|
0-0: Swinging Strike 0-1: Ball 1-1: Ball 2-1: SINGLE (Groundball, 4S, EV 64.4 MPH) (infield hit)
|
Batting: RHB Walt Alaniz
|
0-0: Foul Ball, location: 2F 0-1: Swinging Strike 0-2: Ball 1-2: Grounds into double play, 4-6-3 (Groundball, 34, EV 88.8 MPH)
|
Bottom of the 8th over - 0 runs, 1 hit, 0 errors, 0 left on base; Chicago (NYP) 1 - Vermont 0 |
TOP OF THE 9TH |
Chicago (NYP) White Sox batting - Pitching for Vermont Lake Monsters : LHP Cory Yeary
|
Batting: SHB Andres Agudo
|
0-0: Swinging Strike 0-1: Foul Ball, location: 2F 0-2: Foul Ball, location: 2F 0-2: Ball 1-2: Foul Ball, location: 2F 1-2: Ball 2-2: Strikes out swinging
|
Batting: LHB Steve Roepke
|
0-0: Ball 1-0: Swinging Strike 1-1: Swinging Strike 1-2: Strikes out swinging
|
Batting: RHB Jake Feinstein
|
0-0: Ball 1-0: Ball 2-0: Called Strike 2-1: Ball 3-1: Swinging Strike 3-2: Strikes out looking
|
Top of the 9th over - 0 runs, 0 hits, 0 errors, 0 left on base; Chicago (NYP) 1 - Vermont 0 |
BOTTOM OF THE 9TH |
Vermont Lake Monsters batting - Pitching for Chicago (NYP) White Sox : LHP Ian Bell
|
Pitching: LHP Jonas Jennings
|
|
Batting: RHB Jon Coleman
|
0-0: Ball 1-0: Called Strike 1-1: Foul Ball, location: 2F 1-2: Strikes out swinging
|
Batting: SHB Steve Salafia
|
0-0: Foul Ball, location: 2F 0-1: Swinging Strike 0-2: Strikes out swinging
|
Batting: RHB Jake Leffel
|
0-0: Called Strike 0-1: Ball 1-1: Ground out 6-3 (Groundball, 6, EV 88.8 MPH)
|
Bottom of the 9th over - 0 runs, 0 hits, 0 errors, 0 left on base; Chicago (NYP) 1 - Vermont 0 |
|